 Dungeon Crawl Stone Soup version 0.30.1 (webtiles) character file.

Game seed: 17284031011631286401

95 adizb the Chopper (level 4, -1/41 HPs)
             Began as a Minotaur Berserker on July 2, 2023.
             Was a Believer of Trog.
             Constricted to death by Sigmund (2 damage)
             ... on level 3 of the Dungeon.
             The game lasted 00:06:58 (1571 turns).

adizb the Chopper (Minotaur Berserker)              Turns: 1571, Time: 00:07:00

Health: -1/41      AC:  4    Str: 23    XL:     4   Next: 40%
Magic:  3/3        EV:  8    Int:  4    God:    Trog [**....]
Gold:   142        SH:  0    Dex: 10    Spells: 3/3 levels left

rFire   . . .        a - +0 hand axe
rCold   . . .        (no shield)
rNeg    . . .        p - +0 troll leather armour
rPois   .            (helmet restricted)
rElec   .            (no cloak)
rCorr   .            (no gloves)
SInv    .            (no boots)
Will    .....        (no amulet)
Stlth   +            (no ring)
HPRegen 1.06/turn    (no ring)
MPRegen 0.08/turn

%: no passive effects
@: grasped by roots, constricted
A: horns 2, retaliatory headbutt
a: Renounce Religion, Berserk, Trog's Hand


You were on level 3 of the Dungeon.
You worshipped Trog.
Trog was pleased with you.
You visited 1 branch of the dungeon, and saw 3 of its levels.

You collected 142 gold pieces.

Inventory:

Hand Weapons
 a - a +0 hand axe (weapon)
Missiles
 j - 2 throwing nets (quivered)
Armour
 b - a +0 animal skin
 c - a +0 ring mail
 p - a +0 troll leather armour (worn)
Wands
 q - a wand of quicksilver (10)
Scrolls
 f - 4 scrolls of identify {unknown}
 g - a scroll of enchant weapon {unknown}
 h - 2 scrolls of immolation {unknown}
 i - a scroll of poison {unknown}
 m - 2 scrolls of teleportation {unknown}
 n - a scroll of torment {unknown}
Potions
 d - 7 potions of curing {unknown}
 e - a potion of invisibility {unknown}
 k - a potion of might {unknown}
 l - a potion of attraction {unknown}
 o - a potion of degeneration {unknown}


   Skills:
 + Level 4.4 Fighting
 * Level 5.1 Axes
 + Level 3.4 Armour
 - Level 2.1 Dodging


You had 3 spell levels left.
You didn't know any spells.
Your spell library was empty.

Dungeon Overview and Level Annotations

Branches:
Dungeon (3/15)

Altars:
Trog

Shops:
D:2 :

Annotations:
D:3 Sigmund


Innate Abilities, Weirdness & Mutations

You have a pair of horns on your head.
You reflexively headbutt those who attack you in melee.


Message History

Sigmund is suddenly surrounded by pale red light.
Sigmund misses you. You furiously retaliate!
You headbutt Sigmund. You slash Sigmund!
Sigmund is heavily wounded.
You closely miss Sigmund.
Sigmund is heavily wounded.
Sigmund barely misses you. You furiously retaliate!
You headbutt Sigmund. You completely miss Sigmund.
Your headbutt misses Sigmund.
Sigmund is heavily wounded.
Sigmund casts a spell.
Sigmund flickers and vanishes!
Deactivating autopickup; reactivate with Ctrl-A.
You miss something. Your headbutt misses something. You hit something.
Something hits you.
You writhe in agony.
You barely miss something. You hit something. You headbutt something.
Something hits you but does no damage.
You writhe in agony.
You hit something. Your punch misses something. Something hits you.
You hit something but do no damage.
You feel the effects of Trog's Hand fading.
Something hits you!
You writhe in agony.
You hit something. You hit something but do no damage.
You hear some strange, mumbled words.
A magic dart appears from out of thin air!
The magic dart hits you!
You completely miss something. Your headbutt misses something.
You hear a zap.
The roots erupt in riotous growth!
The grasping roots grab you!
You are constricted.
* * * LOW HITPOINT WARNING * * *
You closely miss something.
Your skin stops crawling.
You feel less strong-willed. Something hits you!
* * * LOW HITPOINT WARNING * * *
You writhe in agony.
* * * LOW HITPOINT WARNING * * *
You are constricted.
You die...

### ##.. ##... ###
#.... #########.#
##### #....
.......††.####...#
#....
......{@.?.....#.#
#...
.......#.....######.##
##.. .........#####
#..# ##.. #..###...
##.###..# #......#
#######.....##
###.##..###
....#...##.>.
#####...##.......#
#....###.##
#.....#.....# #.#
##....##..##
..........# #.#
#....#.......#


There were no monsters in sight!

Vanquished Creatures
  3 adders (D:2)
  A worm (D:2)
  3 dart slugs
  13 endoplasms
  2 giant cockroaches
  4 goblins
  A hobgoblin (D:2)
  4 jackals (D:3)
  5 kobolds (D:1)
  A quokka (D:1)
  7 ball pythons
  8 bats
  A frilled lizard (D:2)
  3 rats (D:2)
56 creatures vanquished.

Notes
Turn   | Place    | Note
-------+----------+-------------------------------------------
     0 | D:1      | adizb the Minotaur Berserker began the quest for the Orb.
     0 | D:1      | Reached XP level 1. HP: 19/19 MP: 0/0
   153 | D:1      | Reached skill level 4 in Axes
   187 | D:1      | Reached XP level 2. HP: 27/27 MP: 1/1
   601 | D:2      | Reached XP level 3. HP: 28/33 MP: 2/2
   668 | D:2      | Found Nodd's Book Boutique.
   719 | D:2      | Reached ** piety under Trog
   888 | D:2      | Found a faded altar of an unknown god.
  1093 | D:2      | Reached XP level 4. HP: 41/41 MP: 3/3
  1110 | D:2      | Reached skill level 5 in Axes
  1317 | D:3      | Found a bloodstained altar of Trog.
  1547 | D:3      | Noticed Sigmund
  1571 | D:3      | HP: 2/41 [something (9)]
  1571 | D:3      | Constricted to death by Sigmund

Illustrated notes

Levels and vault maps discovered:
D:1:      ldierk_walled_garden, layout_loops_ring, minmay_pentomino_v2
D:2:      layout_loops_ring, serial_shops, shop,
          hellmonk_ecumenical_altar_crossroads
D:3:      layout_rooms, mainiacjoe_overflow_six_doors_small, uniq_sigmund

Skill      XL: |  1  2  3  4 |
---------------+-------------+-----
Axes           | 4 5 |  5.1
Fighting       | 4 |  4.4
Armour         | 3 |  3.4
Dodging        | |  2.1

Action                     |  1- 3 |  4- 6 || total
---------------------------+-------+-------++-------
  Melee: Hand axe          |    74 |    46 ||   120
         Headbutt          |    13 |     5 ||    18
 Invoke: Trog's Hand       |       |     1 ||     1
 Armour: Ring mail         |    38 |     5 ||    43
         Troll leather arm |       |    11 ||    11
  Dodge: Dodged            |    41 |    32 ||    73
